 Dungeon Crawl Stone Soup version 0.28-a0-653-g7e9dba17c3 (webtiles) character file.

Game seed: 14815611367296298714

32 Johnny the Chiller (level 3, 0/28 HPs)
             Began as a Draconian Ice Elementalist on Oct 12, 2021.
             Succumbed to Crazy Yiuf's poison
             ... on level 2 of the Dungeon.
             The game lasted 00:01:13 (1369 turns).

Johnny the Chiller (Draconian Ice Elementalist)     Turns: 1369, Time: 00:01:14

Health: 0/28       AC:  5    Str:  9 (10) XL:     3   Next: 10%
Magic:  2/6        EV: 12    Int: 15 (16) God:
Gold:   70         SH:  0    Dex: 10 (11) Spells: 6/7 levels left

rFire   . . .      SeeInvis .   e - +0 dagger
rCold   . . .      Faith    .   (no shield)
rNeg    . . .      Spirit   .   (armour unavailable)
rPois   .          Reflect  .   (helmet restricted)
rElec   .          Harm     .   (no cloak)
rCorr   .          Rampage  .   (no gloves)
Will    .....                   (no boots)
Stlth   ++........              (no amulet)
HPRegen 0.09/turn               (no ring)
MPRegen 0.10/turn               (no ring)

@: lethally poisoned (0 -> -7)
A: AC +5, unfitting armour, cold-blooded
a: no special abilities


You were on level 2 of the Dungeon.
You visited 1 branch of the dungeon, and saw 2 of its levels.

You collected 70 gold pieces.

Inventory:

Hand Weapons
 e - a +0 dagger (weapon)
Scrolls
 a - a scroll of silence {unknown}
 b - a scroll of holy word {unknown}
 g - a scroll of identify {unknown}
Potions
 c - a potion of curing {unknown}
 d - a potion of lignification {unknown}
 f - a potion of degeneration
 h - a potion of might {unknown}


   Skills:
 + Level 1.6 Fighting
 - Level 1.7 Dodging
 - Level 1.7 Stealth
 + Level 2.5 Spellcasting
 + Level 4.3 Ice Magic


You had 6 spell levels left.
You knew the following spells:

 Your Spells              Type           Power      Damage    Failure   Level
a - Freeze                Ice            56%        1d7       3%          1

Your spell library contained the following spells:

 Spells                   Type           Power      Damage    Failure   Level
 Frozen Ramparts          Ice            28%        1d4       11%         3
 Ozocubu's Armour         Ice            14%        N/A       11%         3
 Hailstorm                Conj/Ice       8%         3d4       65%         4


Dungeon Overview and Level Annotations

Branches:
Dungeon (2/15)

Altars:

Annotations:
D:2 Crazy Yiuf


Innate Abilities, Weirdness & Mutations

Your plain brown scales are hard. (AC +5)
You cannot fit into any form of body armour.
You are cold-blooded and may be slowed by cold attacks.


Message History

Press: ? - help, Shift-Dir - straight line, f - Crazy Yiuf
Aim: Crazy Yiuf, wielding a +4 quarterstaff of chaos and wearing a +0 cloak You freeze Crazy Yiuf!
Crazy Yiuf is moderately wounded.
Crazy Yiuf closely misses you.
Casting: Freeze (safe; 3% risk of failure)
Confirm with . or Enter, or press ? or * to list all spells.
Aiming: Freeze (safe; 3% risk of failure)
Press: ? - help, Shift-Dir - straight line, f/p - Crazy Yiuf
Aim: Crazy Yiuf, wielding a +4 quarterstaff of chaos and wearing a +0 cloak (moderately wounded)
You freeze Crazy Yiuf.
Crazy Yiuf is heavily wounded.
Crazy Yiuf hits you with a +4 quarterstaff of chaos.
You are poisoned.
Casting: Freeze (safe; 3% risk of failure)
Confirm with . or Enter, or press ? or * to list all spells.
Aiming: Freeze (safe; 3% risk of failure)
Press: ? - help, Shift-Dir - straight line, f/p - Crazy Yiuf
Aim: Crazy Yiuf, wielding a +4 quarterstaff of chaos and wearing a +0 cloak (heavily wounded)
You freeze Crazy Yiuf.
Crazy Yiuf is heavily wounded.
You feel very sick.
Crazy Yiuf hits you with a +4 quarterstaff of chaos.
Space warps horribly around you!
Ouch! That really hurt!
* * * LOW HITPOINT WARNING * * *
Casting: Freeze (safe; 3% risk of failure)
Confirm with . or Enter, or press ? or * to list all spells.
Aiming: Freeze (safe; 3% risk of failure)
Press: ? - help, Shift-Dir - straight line, f/p - Crazy Yiuf
Aim: Crazy Yiuf, wielding a +4 quarterstaff of chaos and wearing a +0 cloak (heavily wounded)
You freeze Crazy Yiuf.
Crazy Yiuf is severely wounded.
* * * LOW HITPOINT WARNING * * *
You feel sick. Crazy Yiuf barely misses you.
Unknown command.
It was a potion of degeneration.
There was something very wrong with that liquid.
You feel weakened.
You feel dopey.
You feel clumsy.
You die...

##### #).)# #)))#
))) #g# ♣@♣♣ ♣♣)♣
♣)♣♣ ♣♣)♣ ♣♣)♣♣
######### ♣♣..)♣
#.......# ♣....♣
#.......# #....#
#.......####....#


You could see Crazy Yiuf.

Vanquished Creatures
  3 endoplasms (D:1)
  2 giant cockroaches (D:1)
  2 goblins (D:1)
  4 hobgoblins (D:1)
  4 kobolds
  4 ball pythons
  3 bats (D:1)
  3 frilled lizards
  5 rats
30 creatures vanquished.

Notes
Turn   | Place    | Note
-------+----------+-------------------------------------------
     0 | D:1      | Johnny the Draconian Ice Elementalist began the quest for
                  | the Orb.
     0 | D:1      | Reached XP level 1. HP: 14/14 MP: 3/3
   405 | D:1      | Reached skill level 1 in Fighting
   405 | D:1      | Reached XP level 2. HP: 23/23 MP: 5/5
  1131 | D:1      | Reached XP level 3. HP: 22/28 MP: 6/6
  1360 | D:2      | Found a runed translucent door.
  1361 | D:2      | Noticed Crazy Yiuf
  1369 | D:2      | Succumbed to Crazy Yiuf's poison

Illustrated notes

Levels and vault maps discovered:
D:1:      dpeg_arrival_central, layout_loops_ring
D:2:      cheibrodos_greedy_goblins, layout_rooms,
          dreamdust_ecumenical_altar_grove, minmay_between, uniq_robin,
          uniq_crazy_yiuf_cottage

Skill      XL: |  1 |
---------------+----+-----
Fighting       | 1 |  1.6
Dodging        | |  1.7
Stealth        | |  1.7
Spellcasting   | |  2.5
Ice Magic      | |  4.3

Action                   || total
-------------------------++-------
Melee: Unarmed           ||    23
       Dagger            ||    63
       Tailslap          ||     6
 Cast: Freeze            ||    21
  Use: Potion            ||     1
 Stab: Sleeping          ||     3
Armor: Skin              ||    50
Dodge: Dodged            ||    79

Table legend: (Time is in decaauts)
 A = Elapsed time spent in this place.
 B = Non-inter-level travel time spent in this place.
 C = Inter-level travel time spent in this place.
 D = Time resting spent in this place.
 E = Time spent auto-exploring this place.
 F = Levels seen in this place.
 G = Mean time per level.
                   A        B        C        D        E       F      G
               +--------+--------+--------+--------+--------+-----+--------+
         Total |   1369 |   1315 |     54 |    101 |    974 |   2 |  684.5 |
       Dungeon |   1369 |   1315 |     54 |    101 |    974 |   2 |  684.5 |
               +--------+--------+--------+--------+--------+-----+--------+

Top non-repeatable levels by time:
     D:1: 1273 daAuts
     D:2: 95 daAuts
